 Dungeon Crawl Stone Soup version 0.17.0 (webtiles) character file.

2762 Eucla the Cleaver (level 9, 0/81 HPs)
             Began as a Minotaur Gladiator on Nov 12, 2015.
             Was a Priest of Okawaru.
             Slain by busb's ghost (13 damage)
             ... on level 6 of the Dungeon.
             The game lasted 00:06:28 (5275 turns).

Eucla the Cleaver (Minotaur Gladiator)              Turns: 5275, Time: 00:06:28

Health: 0/81       AC:  9    Str: 23    XL:     9   Next: 42%
Magic:  6/8        EV: 19    Int:  5    God:    Okawaru [***...]
Gold:   298        SH:  0    Dex: 14    Spells: 0 memorised, 8 levels left

rFire  . . .     SeeInvis +     a - +0 war axe
rCold  . . .     Clarity  +     y - +0 ring mail of Folluacs {Str+3}
rNeg   . . .     SustAt   .     (no shield)
rPois  .         Gourm    .     c - +0 hat
rElec  .         Spirit   .     B - +0 cloak
rCorr  .         Warding  .     (no gloves)
rMut   .         Stasis   .     (no boots)
MR     .....                    A - amulet of clarity
Stlth  ++........               (no ring)
                                w - ring of see invisible

@: heroism, not resistant to hostile enchantments, unstealthy
A: retaliatory headbutt, horns 2
a: Heroism, Renounce Religion


You were on level 6 of the Dungeon.
You worshipped Okawaru.
Okawaru was most pleased with you.
You were full.

You visited 1 branch of the dungeon, and saw 6 of its levels.

You collected 298 gold pieces.

Inventory:

Hand Weapons
 a - a +0 war axe (weapon)
Missiles
 d - 2 throwing nets (quivered)
Armour
 b - a +0 leather armour
 c - a +0 hat (worn)
 p - a swamp dragon hide
 u - a +0 chain mail
 y - the +0 ring mail of Folluacs (worn) {Str+3}
   (You found it on level 4 of the Dungeon)

   It affects your strength (+3).
 B - a +0 cloak (worn)
Jewellery
 w - a ring of see invisible (left hand)
 A - an amulet of clarity (around neck)
 H - an uncursed amulet of warding
Wands
 I - a wand of paralysis (5)
Scrolls
 f - 9 scrolls of identify {unknown}
 h - a scroll of fear {unknown}
 l - 4 scrolls of fog {unknown}
 m - 2 scrolls of enchant weapon {unknown}
 r - 2 scrolls of magic mapping {unknown}
 s - a scroll of enchant armour {unknown}
 x - a scroll of random uselessness {unknown}
 E - a scroll of noise {unknown}
 F - a scroll of amnesia {unknown}
 J - a scroll of immolation {unknown}
Potions
 i - a potion of lignification {unknown}
 n - 2 potions of heal wounds {unknown}
 o - a potion of brilliance {unknown}
 q - a potion of haste {unknown}
 z - a potion of might {unknown}
 D - a potion of agility {unknown}
 K - a potion of magic {unknown}
Books
 C - a book of the Dragon

   Spells                             Type                      Level
   a - Flame Tongue                   Conjuration/Fire             1
   b - Cause Fear                     Hexes                        4
   c - Bolt of Fire                   Conjuration/Fire             6
   d - Dragon Form                    Transmutation                7
   e - Dragon's Call                  Summoning                    9
Comestibles
 e - 4 bread rations
 k - a beef jerky
 t - 2 meat rations


   Skills:
 + Level 7.8(12.8) Fighting
 + Level 8.6(13.6) Axes
 - Level 2.0(7.0) Throwing
 + Level 7.9(12.9) Armour
 + Level 7.9(12.9) Dodging


You had 8 spell levels left.
You didn't know any spells.

Dungeon Overview and Level Annotations

Branches:
Dungeon (6/15)
 Temple: D:4-7

Altars:
Gozag
Kikubaaqudgha
Okawaru
Ru
Trog
Zin

Annotations:
D:6 busb's ghost, novice DgHu


Innate Abilities, Weirdness & Mutations

You reflexively headbutt those who attack you in melee.
You have a pair of horns on your head.


Message History

* * * LOW HITPOINT WARNING * * *
Drink which item? (? for menu, Esc to quit)
You feel better.
Busb's ghost wails, "What do you have that I didn't have?"
Busb's ghost completely misses you. You furiously retaliate!
You headbutt busb's ghost, but do no damage.
You feel more confident with your borrowed prowess.
You feel slightly less full. Busb's ghost misses you.
You hit busb's ghost. Your headbutt misses busb's ghost.
Busb's ghost is severely damaged.
You closely miss busb's ghost. Your headbutt misses busb's ghost.
Busb's ghost is severely damaged.
Busb's ghost misses you. You furiously retaliate!
You headbutt busb's ghost!
Unknown command.
You closely miss busb's ghost.
You headbutt busb's ghost, but do no damage.
Busb's ghost is almost destroyed.
Busb's ghost hits you but does no damage.
You are electrocuted!
You die...

#############
#......W@...#
######''########.#####
≈≈≈≈≈≈..≈≈≈≈≈≈≈#.....#
####
..............≈#####.#
#... .♣♣♣♣....♣♣♣♣.≈
#.# #.## ♣..W.♣ #.#
#.# ♣....♣ #.######.#
♣....♣ #####...)....#
...... #..))..[...###


You could see busb's ghost.

Vanquished Creatures
  Grinder (D:5)
  Eustachio (D:5)
  Edmund (D:4)
  2 sky beasts
  A necrophage (D:5)
  An ice beast (D:6)
  A black bear (D:5)
  3 ogres
  An orc warrior (D:6)
  A centaur (D:6)
  A giant frog (D:6)
  4 wights (D:5)
  A scorpion (D:5)
  A centaur zombie (D:6)
  2 giant frog zombies (D:6)
  2 hounds (D:4)
  A quasit (D:6)
  9 orc wizards
  2 crimson imps (D:6)
  Crazy Yiuf (D:4)
  8 orc priests
  2 worker ants (D:4)
  2 giant frog skeletons
  An iguana (D:4)
  A hound zombie (D:5)
  A worker ant zombie (D:5)
  5 adders
  2 oozes
  3 worms
  An adder skeleton (D:5)
  2 giant geckos
  30 orcs
  A ball python (D:2)
  3 giant cockroaches
  6 hobgoblins (D:1)
  5 jackals
  3 quokkas
  12 bats
  5 giant newts
  9 goblins
  10 kobolds
  3 rats
152 creatures vanquished.

Notes
Turn   | Place    | Note
--------------------------------------------------------------
     0 | D:1      | Eucla the Minotaur Gladiator began the quest for the Orb.
     0 | D:1      | Reached XP level 1. HP: 18/18 MP: 0/0
   110 | D:1      | Reached XP level 2. HP: 22/25 MP: 1/1
   213 | D:1      | Reached skill level 4 in Axes
   348 | D:1      | Reached skill level 1 in Armour
   531 | D:1      | Reached XP level 3. HP: 23/31 MP: 2/2
  1216 | D:3      | Found a bloodstained altar of Trog.
  1254 | D:3      | Reached XP level 4. HP: 35/38 MP: 3/3
  1518 | D:3      | Found a glowing silver altar of Zin.
  1798 | D:3      | Found an ancient bone altar of Kikubaaqudgha.
  1798 | D:3      | Found an iron altar of Okawaru.
  1814 | D:3      | Became a worshipper of Warmaster Okawaru
  1956 | D:4      | Reached XP level 5. HP: 3/46 MP: 4/4
  2385 | D:4      | Found a sacrificial altar of Ru.
  2486 | D:4      | Reached skill level 5 in Axes
  2527 | D:4      | Reached * piety under Okawaru
  2541 | D:4      | Got a fine ring mail
  2552 | D:4      | Identified the +0 ring mail of Folluacs {Str+3} (You found it on level 4 of the Dungeon)
  2608 | D:4      | Reached XP level 6. HP: 44/52 MP: 5/5
  2683 | D:4      | Noticed Edmund
  2694 | D:4      | Killed Edmund
  2916 | D:4      | Noticed Crazy Yiuf
  2922 | D:4      | Killed Crazy Yiuf
  2922 | D:4      | Reached skill level 5 in Dodging
  2970 | D:5      | Entered Level 5 of the Dungeon
  3262 | D:5      | Noticed Eustachio
  3263 | D:5      | Found an opulent altar of Gozag.
  3275 | D:5      | Reached skill level 5 in Fighting
  3275 | D:5      | Reached XP level 7. HP: 57/61 MP: 3/6
  3284 | D:5      | Killed Eustachio
  3284 | D:5      | Reached ** piety under Okawaru
  3284 | D:5      | Reached skill level 6 in Axes
  3352 | D:5      | Reached skill level 5 in Armour
  3798 | D:5      | Noticed Grinder
  3802 | D:5      | Reached XP level 8. HP: 62/70 MP: 7/7
  3810 | D:5      | Killed Grinder
  3810 | D:5      | Reached skill level 7 in Axes
  3990 | D:5      | Reached *** piety under Okawaru
  4369 | D:6      | Reached XP level 9. HP: 53/79 MP: 8/8
  4393 | D:6      | Reached skill level 8 in Axes
  5242 | D:6      | Noticed busb's ghost (novice DgHu)
  5275 | D:6      | Slain by busb's ghost

Action                   |  1- 3 |  4- 6 |  7- 9 || total
-------------------------+-------+-------+-------++-------
Melee: War axe           |    98 |   116 |   202 ||   416
Throw: Throwing net      |       |       |     1 ||     1
Invok: Heroism           |       |     2 |     6 ||     8
  Use: Potion            |       |       |     7 ||     7
 Stab: Held in net/web   |       |       |     1 ||     1
  Eat: Chunk             |     1 |     7 |     5 ||    13
       Fruit             |       |       |     4 ||     4
       Royal jelly       |       |       |     1 ||     1
       Pizza             |       |       |     1 ||     1
